 Dungeon Crawl Stone Soup version 0.25.1-9-gc5326a611f (webtiles) character file.

Game seed: 12620089556001182465

258 melloss the Covert (level 5, -1/24 HPs)
             Began as a Spriggan Enchanter on Dec 28, 2020.
             Slain by a gnoll
             ... wielding a +0 spear
              (10 damage)
             ... on level 3 of the Dungeon.
             The game lasted 00:12:36 (4331 turns).

melloss the Covert (Spriggan Enchanter)             Turns: 4331, Time: 00:12:37

Health: -1/24      AC:  2    Str:  4    XL:     5   Next: 94%
Magic:  2/10       EV: 18    Int: 18    God:
Gold:   170        SH:  0    Dex: 16    Spells: 6/9 levels left

rFire    . . .     SeeInvis +   a - +1 dagger
rCold    . . .     Gourm    .   (shield restricted)
rNeg     . . .     Faith    .   d - +0 robe
rPois    .         Spirit   .   (helmet restricted)
rElec    .         Reflect  .   (no cloak)
rCorr    .         Harm     .   (gloves unavailable)
MR       .....                  (boots unavailable)
Stlth    ++++......             (no amulet)
HPRegen  0.08/turn              (no ring)
MPRegen  0.12/turn              (no ring)

@: very quick
A: very small, unfitting armour, see invisible, herbivore, speed 3, slow
metabolism 2
a: no special abilities


You were on level 3 of the Dungeon.
You were not hungry.

You visited 1 branch of the dungeon, and saw 4 of its levels.

You collected 170 gold pieces.

Inventory:

Hand Weapons
 a - a +1 dagger (weapon)
 b - a +0 hunting sling
 h - a +0 short sword
Missiles
 n - 21 stones (quivered)
Armour
 d - a +0 robe (worn)
Scrolls
 c - 5 scrolls of remove curse {unknown}
 e - 2 scrolls of enchant weapon {unknown}
 k - a scroll of fear {unknown}
 l - 2 scrolls of enchant armour {unknown}
 m - a scroll of teleportation {unknown}
Potions
 f - a potion of magic {unknown}
 i - a potion of ambrosia {unknown}
 j - a potion of brilliance
Comestibles
 g - a ration


   Skills:
 + Level 4.6 Short Blades
 - Level 3.0 Dodging
 - Level 8.0 Stealth
 - Level 2.6 Spellcasting
 - Level 3.6 Hexes


You had 6 spell levels left.
You knew the following spells:

 Your Spells              Type           Power        Failure   Level  Hunger
a - Corona                Hex            ###....      3%          1    #......
b - Ensorcelled Hibernat  Hex/Ice        #.....       12%         2    ##.....

Your spell library contained the following spells:

 Spells                   Type           Power        Failure   Level  Hunger
 Confusing Touch          Hex            ###.....     12%         3    ###....
 Tukima's Dance           Hex            ###.....     12%         3    ###....
 Dazzling Flash           Conj/Hex       #.....       24%         3    ###....


Dungeon Overview and Level Annotations

Branches:
Dungeon (4/15)
 Temple: D:4-7

Altars:
Cheibriados


Innate Abilities, Weirdness & Mutations

You are very small and have problems with some larger weapons.
You are too small for most types of armour.
You have supernaturally acute eyesight. (SInv)
You are a herbivore.
You cover ground extremely quickly.
You need to consume almost no food.


Message History

You skewer the gnoll shaman like a kebab!!!
You kill the gnoll shaman!
You hear a splash. x2
The gnoll closely misses you.
You hit the gnoll.
The gnoll is lightly wounded.
The gnoll hits you from afar with a +0 spear!
Casting: Ensorcelled Hibernation (safe; 12% risk of failure)
Confirm with . or Enter, or press ? or * to list all spells.
Aiming: Ensorcelled Hibernation (safe; 12% risk of failure)
Press: ? - help, Shift-Dir - straight line, f - gnoll
Aim: a gnoll (lightly wounded, chance to defeat MR: 49%)
The gnoll looks drowsy...
The gnoll misses you.
The helpless gnoll fails to defend itself.
You skewer the gnoll like a kebab!!!
You kill the gnoll!
Training target 8.0 for Stealth reached!
Your Stealth skill increases to level 8!
The gnoll hits you from afar with a +0 spear!
You die...

♣♣≈≈P≈P≈P
≈≈≈≈≈≈≈≈≈≈≈≈≈≈≈≈P♣♣#
≈≈≈PP≈PP≈≈≈≈≈≈≈≈≈≈≈≈≈≈P≈♣P≈♣
≈gP≈≈P♣≈≈≈≈≈≈≈≈≈≈≈≈♣P≈P≈♣♣
♣≈ggP≈≈≈≈≈≈≈≈≈≈≈♣≈≈♣≈≈♣♣
♣≈≈g♣P≈≈≈≈≈≈P≈P≈≈≈≈P♣≈♣ ♣♣≈♣
≈≈≈≈≈≈P≈P≈♣≈♣♣♣♣#
#.P♣♣♣♣≈≈P≈P♣♣≈♣≈♣
#.....≈♣)♣≈≈≈≈≈###
#.###.g†@......# ###
############


You could see a gnoll.

Vanquished Creatures
  A water moccasin (D:3)
  A gnoll shaman (D:3)
  2 gnolls (D:3)
  4 adders
  An ooze (D:3)
  An adder skeleton (D:3)
  2 leopard geckos
  3 orcs (D:3)
  3 giant cockroaches
  6 goblins
  7 hobgoblins
  3 jackals (D:1)
  3 ball pythons
  4 bats
  2 frilled lizards (D:2)
  6 kobolds
  7 rats
56 creatures vanquished.

Notes
Turn   | Place    | Note
-------+----------+-------------------------------------------
     0 | D:1      | melloss the Spriggan Enchanter began the quest for the Orb.
     0 | D:1      | Reached XP level 1. HP: 9/9 MP: 5/5
   395 | D:1      | Reached XP level 2. HP: 2/13 MP: 6/6
   704 | D:1      | Learned a level 2 spell: Ensorcelled Hibernation
   713 | D:1      | Reached skill level 5 in Stealth
  1538 | D:2      | Reached XP level 3. HP: 15/16 MP: 2/8
  1953 | D:2      | Reached skill level 6 in Stealth
  2573 | D:3      | Reached XP level 4. HP: 21/21 MP: 6/9
  2741 | D:2      | Found a snail-covered altar of Cheibriados.
  2830 | D:3      | HP: 1/21 [gnoll/+0 spear (5)]
  3851 | D:3      | Noticed a water moccasin
  3871 | D:3      | Killed a water moccasin
  3871 | D:3      | Reached skill level 7 in Stealth
  3871 | D:3      | Reached XP level 5. HP: 5/24 MP: 6/10
  3876 | D:3      | HP: 1/24 [poisoned by a water moccasin]
  4331 | D:3      | Reached skill level 8 in Stealth
  4331 | D:3      | Slain by a gnoll

Illustrated notes

Levels and vault maps discovered:
D:1:      tarquinn_simple_flora_water_e, layout_rooms
D:2:      lemuel_upstairs_altar, layout_loops_ring
D:3:      layout_basic, serial_bayou, serial_bayou_lagoon_a,
          serial_bayou_pond_b, serial_bayou_shore_b, serial_bayou_lake_a,
          first_ration
D:4:      layout_basic, serial_shops, nicolae_shop_waterfront

Skill      XL: |  1  2  3  4  5 |
---------------+----------------+-----
Stealth        | 5 6 7 8 |  8.0
Short Blades   | 2 3 4 |  4.6
Dodging        | |  3.0
Spellcasting   | |  2.6
Hexes          | |  3.6

Action                   |  1- 3 |  4- 6 || total
-------------------------+-------+-------++-------
Melee: Dagger            |   194 |    91 ||   285
 Cast: Ensorcelled Hiber |    22 |    30 ||    52
  Use: Potion            |       |     3 ||     3
 Stab: Sleeping          |    15 |    14 ||    29
  Eat: Ration            |     1 |     2 ||     3
Armor: Robe              |    20 |     7 ||    27
Dodge: Dodged            |   184 |    92 ||   276
